 Dungeon Crawl Stone Soup version 0.20.1-1-g8b1a95d (webtiles) character file.

116 Irenicus the Insei (level 5, 0/36 HPs)
             Began as an Octopode Chaos Knight on Oct 28, 2017.
             Succumbed to an adder's poison
             ... in a sewer.
             The game lasted 00:05:36 (1287 turns).

Irenicus the Insei (Octopode Chaos Knight)          Turns: 1287, Time: 00:05:36

Health: 0/36       AC:  1    Str: 16    XL:     5   Next: 1%
Magic:  5/5        EV: 13    Int: 14    God:    Xom [..*...]
Gold:   86         SH:  0    Dex: 13    Spells: 4/4 levels left

rFire    . . .     SeeInvis .     - Unarmed
rCold    . . .     Gourm    .   (no shield)
rNeg     . . .     Faith    .   (helmet restricted)
rPois    .         Spirit   .   (no amulet)
rElec    .         Reflect  .   (no ring)
rCorr    .         Harm     .   (no ring)
MR       .....                  (no ring)
Stlth    ++........             (no ring)
Regen    0.2/turn               (no ring)
MPRegen  0.1/turn               (no ring)
                                (no ring)
                                (no ring)

@: mighty, lethally poisoned (0 -> -2), flying, very slightly contaminated,
invisible
A: almost no armour, stealthy swim, amphibious, 8 rings, constrict 8, camouflage
1, gelatinous body 1
a: Renounce Religion


You were in a sewer.
You worshipped Xom.
You were a toy of Xom.
You were not hungry.

You visited 1 branch of the dungeon, and saw 3 of its levels.
You also visited: Sewer.

You collected 86 gold pieces.

Inventory:

Missiles
 p - 2 tomahawks (quivered)
Wands
 o - a wand of digging (14/24)
Scrolls
 b - 4 scrolls of identify {unknown}
 c - a scroll of remove curse {unknown}
 f - a scroll of teleportation {unknown}
 g - a scroll of recharging {unknown}
 h - a scroll of fog {unknown}
 k - a scroll of random uselessness {unknown}
 n - 2 scrolls of enchant armour {unknown}
 q - a scroll of enchant weapon {unknown}
Potions
 s - a potion of magic
Comestibles
 a - 4 bread rations
 i - a royal jelly
 l - 6 fruits


   Skills:
 - Level 3.0 Fighting
 - Level 2.3 Dodging
 + Level 5.5 Unarmed Combat


You had 4 spell levels left.
You didn't know any spells.

Dungeon Overview and Level Annotations

Branches:
Dungeon (3/15)

Altars:
Makhleb
Ru
Vehumet
Yredelemnul
The Shining One


Innate Abilities, Weirdness & Mutations

You cannot wear most types of armour.
You are very stealthy in the water. (Stealth+)
You are amphibious.
You can wear up to eight rings at the same time.
You can use your tentacles to constrict eight enemies at once.
Your skin changes colour to match your surroundings (Stealth+).
Your rubbery body absorbs attacks. (AC +1, EV +1)


Message History

You feel very mighty all of a sudden.
You constrict the adder.
You kill the adder!
You have reached level 5!
You feel agile. The rat misses you. The rat bites you.
* * * LOW HITPOINT WARNING * * *
It was a potion of invisibility.
You fade into invisibility!
The rat barely misses you. The rat bites you.
* * * LOW HITPOINT WARNING * * *
You are very lightly contaminated with residual magic.
A rat comes into view.
Unknown command.
It was a potion of flight.
You feel very buoyant.
You fly up into the air.
Xom roars with laughter!
You die...
Xom cackles wildly!

≈≈≈≈.≈.....#
.≈≈≈≈......#
r≈≈≈≈.....#
...≈≈.......####
S..≈≈≈≈.....###∩#
.....≈≈......###.#
.....≈≈.......#..#
S...≈≈≈≈rrrrr...##
.....≈r≈..r@...##
.....≈≈...†...##
.....≈≈≈≈≈....##
#..≈≈≈≈≈≈......#
#.≈≈≈≈≈≈......#
###.≈≈≈≈≈≈....#..#
#...≈≈≈≈≈≈≈..###.#
.....K≈≈≈≈...## ∩#
.....≈≈≈≈≈....# ##


You could see a big kobold, a river rat and 7 rats.

Vanquished Creatures
  5 adders
  A river rat (Sewer)
  An ooze (D:3)
  2 worms
  2 dart slugs
  A leopard gecko (D:1)
  A giant cockroach (D:3)
  6 goblins
  2 hobgoblins
  6 jackals
  3 ball pythons (Sewer)
  3 bats
  2 frilled lizards (D:3)
  3 kobolds
  18 rats
56 creatures vanquished.

Notes
Turn   | Place    | Note
-------+----------+-------------------------------------------
     0 | D:1      | Irenicus the Octopode Chaos Knight began the quest for the Orb.
     0 | D:1      | Reached XP level 1. HP: 16/16 MP: 1/1
    73 | D:1      | Reached XP level 2. HP: 8/21 MP: 2/2
   375 | D:2      | Found a basalt altar of Yredelemnul.
   410 | D:2      | Reached skill level 4 in Unarmed Combat
   452 | D:2      | XOM: silly message
   492 | D:2      | Reached XP level 3. HP: 18/26 MP: 3/3
   657 | D:2      | Found a radiant altar of Vehumet.
   801 | D:3      | XOM: divination: detect creatures
   872 | D:3      | Reached XP level 4. HP: 23/31 MP: 4/4
   934 | D:3      | Found a burning altar of Makhleb.
   934 | D:3      | Found a faded altar of an unknown god.
   939 | D:3      | Found a glowing golden altar of the Shining One.
   941 | D:3      | Found a sacrificial altar of Ru.
   942 | D:3      | Found a faded altar of an unknown god.
  1027 | D:3      | XOM is BORED!
  1027 | D:3      | XOM: silly message
  1052 | D:3      | Found a glowing drain.
  1096 | Sewer    | Entered a sewer
  1127 | Sewer    | Reached skill level 5 in Unarmed Combat
  1142 | Sewer    | Noticed a big kobold
  1143 | Sewer    | Noticed a big kobold
  1202 | Sewer    | XOM: butterfly on damage
  1214 | Sewer    | XOM: divination: detect items
  1272 | Sewer    | XOM: divination: detect items
  1279 | Sewer    | XOM: mild Pois miscast
  1285 | Sewer    | Reached XP level 5. HP: 5/36 MP: 5/5
  1286 | Sewer    | HP: 1/36 [rat (1)]
  1287 | Sewer    | Succumbed to an adder's poison

Skill      XL: |  1  2  3  4 |
---------------+-------------+-----
Unarmed Combat | 4 5 |  5.5
Fighting       | |  3.0
Dodging        | |  2.3

Action                   |  1- 3 |  4- 6 || total
-------------------------+-------+-------++-------
Melee: Unarmed           |    68 |    57 ||   125
       Constrict         |    17 |    10 ||    27
       Tentacles         |     9 |     3 ||    12
       Punch             |     4 |     1 ||     5
Throw: Tomahawk          |     3 |     1 ||     4
  Use: Potion            |       |     8 ||     8
 Stab: Sleeping          |     4 |     1 ||     5
  Eat: Chunk             |       |     1 ||     1
Armor: Skin              |     3 |    29 ||    32
Dodge: Dodged            |    46 |    30 ||    76
